 Dungeon Crawl Stone Soup version 0.30.1-3-gfc49f6343a (webtiles) character file.

Game seed: 13841561318942761610

2342 Bronimir the Chiller (level 9, -1/62 HPs)
             Began as a Human Ice Elementalist on July 29, 2023.
             Was an Initiate of Yredelemnul.
             Killed by divine providence
             ... invoked by an orc priest
              (11 damage)
             ... on level 9 of the Dungeon.
             The game lasted 00:21:37 (8192 turns).

Bronimir the Chiller (Human Ice Elementalist)       Turns: 8192, Time: 00:21:39

Health: -1/62      AC:  3    Str: 10    XL:     9   Next: 70%
Magic:  12/18      EV: 13    Int: 19    God:    Yredelemnul [......]
Gold:   446        SH:  5    Dex: 16    Spells: 10/21 levels left

rFire   . . .        x - +6 mace of Makhleb's Vengeance {freeze, rPois Dex+3}
rCold   . . .        (no shield)
rNeg    . . .        q - +0 robe
rPois   +            (no helmet)
rElec   .            F - +0 cloak
rCorr   .            (no gloves)
SInv    .            (no boots)
Will    .....        H - amulet of reflection
Stlth   +++          (no ring)
HPRegen 0.30/turn    (no ring)
MPRegen 0.16/turn

%: reflection
@: no status effects
A: no striking features
a: Renounce Religion, Recall Undead Harvest


You were on level 9 of the Dungeon.
You worshipped Yredelemnul.
Yredelemnul was noncommittal.
You visited 2 branches of the dungeon, and saw 10 of its levels.

You collected 446 gold pieces.

Inventory:

Hand Weapons
 a - a +0 dagger of electrocution
 b - a +0 sling
 f - a +0 dagger
 x - the +6 mace of Makhleb's Vengeance (weapon) {freeze, rPois Dex+3}
   (You found it on level 3 of the Dungeon)

   Dex:       It affects your dexterity (+3).
   rPois:     It protects you from poison.
 T - a +0 shortbow
Missiles
 c - 5 javelins
 y - a throwing net
Armour
 q - a +0 robe (worn)
 F - a +0 cloak (worn)
Jewellery
 z - a ring of fire
 H - an amulet of reflection (around neck)
 J - a ring of magical power
 L - a +5 ring of evasion
 P - a ring of fire
Wands
 w - a wand of iceblast (19)
 N - a wand of polymorph (11)
 Q - a wand of digging (6)
 R - a wand of mindburst (13)
 S - a wand of flame (28)
Scrolls
 e - 13 scrolls of teleportation {unknown}
 g - a scroll of brand weapon {unknown}
 i - 2 scrolls of poison {unknown}
 j - a scroll of noise {unknown}
 k - a scroll of immolation {unknown}
 l - 12 scrolls of identify {unknown}
 n - 2 scrolls of torment {unknown}
 p - a scroll of vulnerability {unknown}
 s - a scroll of fear {unknown}
 A - 3 scrolls of enchant weapon {unknown}
 B - a scroll of butterflies {unknown}
 C - 2 scrolls of amnesia {unknown}
 K - a scroll of enchant armour {unknown}
 M - 2 scrolls of blinking {unknown}
 U - a scroll of silence {unknown}
Potions
 d - 2 potions of haste
 h - 3 potions of degeneration
 m - 5 potions of heal wounds
 o - 3 potions of brilliance {unknown}
 r - 6 potions of curing {unknown}
 t - 2 potions of mutation {unknown}
 u - a potion of magic
 v - 2 potions of berserk rage {unknown}
 D - a potion of flight {unknown}
 E - 2 potions of might {unknown}
 G - a potion of resistance {unknown}
 I - a potion of lignification {unknown}
 O - a potion of ambrosia {unknown}


   Skills:
 + Level 2.4 Fighting
 + Level 0.2 Short Blades
 + Level 3.5 Maces & Flails
 + Level 1.3 Ranged Weapons
 * Level 3.3 Dodging
 - Level 3.6 Stealth
 + Level 1.1 Shields
 + Level 6.6 Spellcasting
 * Level 1.9 Summonings
 + Level 7.7 Ice Magic
 * Level 2.1 Invocations
 * Level 2.5 Evocations


You had 10 spell levels left.
You knew the following spells:

 Your Spells              Type           Power      Damage    Failure   Level
a - Freeze                Ice            100%       1d10      1%          1
b - Frozen Ramparts       Ice            70%        1d11      1%          3
c - Ozocubu's Armour      Ice            35%        N/A       1%          3
d - Summon Ice Beast      Ice/Summ       24%        N/A       14%         4

Your spell library contained the following spells:

 Spells                   Type           Power      Damage    Failure   Level
 Summon Small Mammal      Summ           52%        N/A       4%          1
 Call Imp                 Summ           26%        N/A       7%          2
 Magic Dart               Conj           24%        1d4       11%         1
 Shock                    Conj/Air       24%        1d4       11%         1
 Call Canine Familiar     Summ           13%        N/A       14%         3
 Summon Guardian Golem    Hex/Summ       9%         N/A       22%         3
 Dazzling Flash           Conj/Hex       12%        N/A       32%         3
 Ignite Poison            Fire/Tmut/Pois 6%         N/A       32%         3
 Mephitic Cloud           Conj/Pois/Air  6%         N/A       32%         3
 Swiftness                Air            6%         N/A       32%         3
 Volatile Blastmotes      Fire/Tloc      12%        2d11      32%         3
 Airstrike                Air            3%         2d(1-17)  71%         4
 Iskenderun's Mystic Bla  Conj/Tloc      6%         2d4       71%         4
 Passage of Golubria      Tloc           6%         N/A       71%         4
 Sticky Flame             Conj/Fire      6%         2d3       71%         4
 Silence                  Hex/Air        3%         N/A       96%         5
 Starburst                Conj/Fire      3%         6d3       100%        6
 Ignition                 Fire           3%         3d4       100%        8
 Lehudib's Crystal Spear  Conj/Erth      3%         10d2      100%        8


Dungeon Overview and Level Annotations

Branches:
Dungeon (9/15)             Temple (1/1) D:4
   Lair: D:8-11         Orc: D:9-12

Altars:
Ashenzari
Cheibriados
Dithmenos
Elyvilon
Fedhas
Gozag
Hepliaklqana
Kikubaaqudgha
Makhleb
Nemelex Xobeh
Okawaru
Qazlal
Ru
Sif Muna
Trog
Uskayaw
Vehumet
Wu Jian
Xom
Yredelemnul
Zin
The Shining One

Shops:
D:3 :   D:4 :


Message History

Something hits you.
The orc priest hits you but does no damage.
You hit the orc warrior but do no damage.
The orc warrior is lightly wounded.
The orc barely misses you. You block the orc warrior's attack.
The orc warrior hits you but does no damage.
Something hits you but does no damage. You block the orc priest's attack.
Your icy armour will break if you move.
Continue? [Y]es or [N]o only, please.
Your icy armour will break if you move.
Continue?
Okay, then.
You hit the orc warrior. You freeze the orc warrior.
The orc warrior is moderately wounded.
The orc hits you but does no damage.
The orc warrior hits you with a +0 flail.
The orc warrior hits you with a +0 short sword.
Something hits you but does no damage. The orc priest misses you.
Your icy armour will break if you move.
Continue?
Okay, then.
Your icy armour will break if you move.
Continue? [Y]es or [N]o only, please.
Your icy armour will break if you move.
Continue?
Uppercase [Y]es or [N]o only, please.
Your icy armour will break if you move.
Continue?
The orc attacks as you move away! The orc closely misses you.
Your icy armour cracks and falls away as you move.
The orc warrior hits you with a +0 short sword.
The orc priest calls upon Beogh to heal the orc warrior.
The orc warrior is healed somewhat.
The orc attacks as you move away! The orc closely misses you.
You block the orc warrior's attack.
There is a stone staircase leading up here.
The orc barely misses you.
The orc warrior hits you with a +0 flail!
* * * LOW HITPOINT WARNING * * *
You block the orc warrior's attack.
The orc priest mumbles some strange prayers to Beogh against you.
Beogh smites you!
You die...
Your body rises from the dead as a mindless zombie.

##.. .. .... .
#... #.## ... $ .
..... ..##.. .#.#
....##....##...#
............!..
#..........#
#...oo.....#
#..@oo.....#
......)#o.)....#
####.####........
# #.......#
......###
##>..... ......#
......#


You could see 2 orc warriors, an orc priest and 2 orcs.

Vanquished Creatures
  A steam dragon (D:8)
  2 water moccasins (D:7)
  A black bear (D:5)
  A sky beast (D:6)
  2 ogres
  2 centaurs
  A phantom (D:5)
  2 bullfrogs (D:7)
  2 scorpions (D:6)
  2 howler monkeys
  3 hounds
  A jelly (D:8)
  An iguana (D:5)
  2 orc wizards
  4 gnolls (D:3)
  5 adders
  4 white imps
  A worm (D:4)
  A dart slug (D:4)
  16 orcs
  6 ball pythons
  6 endoplasms
  4 giant cockroaches
  11 goblins
  7 hobgoblins
  5 jackals
  9 kobolds
  4 quokkas
  2 bats
  2 frilled lizards (D:3)
  7 rats
  A spectral hobgoblin (D:3)
118 creatures vanquished.

Vanquished Creatures (collateral kills)
  A deep elf zephyrmancer (D:7)
  A hornet (D:8)
  A howler monkey (D:7)
  An orc priest (D:9)
  An orc wizard (D:5)
  An orc (D:9)
  An endoplasm (D:4)
7 creatures vanquished.

Vanquished Creatures (others)
  A bullfrog zombie (D:7)
  A howler monkey zombie (D:7)
  An orc zombie (D:9)
  2 spectral white imps (D:7)
5 creatures vanquished.

Grand Total: 130 creatures vanquished

Notes
Turn   | Place    | Note
-------+----------+-------------------------------------------
     0 | D:1      | Bronimir the Human Ice Elementalist began the quest for the
                  | Orb.
     0 | D:1      | Reached XP level 1. HP: 13/13 MP: 3/3
   152 | D:1      | Reached XP level 2. HP: 2/19 MP: 0/5
   580 | D:1      | Reached XP level 3. HP: 20/25 MP: 2/6
  1335 | D:2      | Learned a level 3 spell: Frozen Ramparts
  1557 | D:3      | Reached XP level 4. HP: 28/31 MP: 0/7
  1643 | D:3      | Found a faded altar of an unknown god.
  1775 | D:3      | Learned a level 3 spell: Ozocubu's Armour
  1813 | D:3      | Reached skill level 5 in Ice Magic
  1918 | D:3      | Reached XP level 5. HP: 36/36 MP: 9/9
  1947 | D:3      | Identified the +6 mace of Makhleb's Vengeance {freeze,
                  | rPois Dex+3}
  2029 | D:3      | Reached skill level 1 in Fighting
  2038 | D:3      | Reached skill level 1 in Ranged Weapons
  2255 | D:3      | Identified the +9 spear "Namalura" {drain, Drain Will+
                  | Dex+3 SInv}
  2450 | D:3      | Found Nagor's Book Shoppe.
  2611 | D:4      | Noticed an ogre
  2624 | D:4      | HP: 1/37 [ogre/+0 giant club (14)]
  2627 | D:4      | Killed an ogre
  2628 | D:4      | Reached XP level 6. HP: 2/43 MP: 4/10
  2848 | D:4      | Found a hazy altar of Hepliaklqana.
  3068 | D:4      | Found a staircase to the Ecumenical Temple.
  3124 | Temple   | Entered the Ecumenical Temple
  3657 | Temple   | Became a worshipper of Yredelemnul the Dark
  3823 | D:4      | Found Nuorinich's Book Boutique.
  4062 | D:4      | Reached * piety under Yredelemnul
  4635 | D:5      | Entered Level 5 of the Dungeon
  4870 | D:5      | Reached XP level 7. HP: 44/48 MP: 6/13
  4980 | D:5      | Reached ** piety under Yredelemnul
  5076 | D:5      | Found a radiant altar of Vehumet.
  5122 | D:5      | Reached skill level 6 in Ice Magic
  5230 | D:5      | Reached skill level 1 in Shields
  5322 | D:5      | Reached skill level 1 in Maces & Flails
  5322 | D:5      | Reached skill level 5 in Spellcasting
  5368 | D:5      | Reached *** piety under Yredelemnul
  5389 | D:5      | Reached XP level 8. HP: 54/54 MP: 15/15
  6463 | D:7      | Found a burning altar of Makhleb.
  6503 | D:7      | Found a snail-covered altar of Cheibriados.
  6617 | D:7      | Reached skill level 7 in Ice Magic
  6630 | D:7      | Learned a level 4 spell: Summon Ice Beast
  6819 | D:7      | Reached XP level 9. HP: 50/61 MP: 18/18
  6911 | D:7      | Noticed a deep elf zephyrmancer
  6921 | D:7      | Killed a deep elf zephyrmancer
  6922 | D:7      | Reached skill level 1 in Summonings
  6922 | D:7      | Reached skill level 1 in Invocations
  6922 | D:7      | Reached skill level 1 in Evocations
  7666 | D:8      | Noticed a hornet
  7676 | D:8      | Killed a hornet
  8192 | D:9      | Killed from afar by an orc priest

Illustrated notes

Levels and vault maps discovered:
D:1:      lightli_arrival_statue_moat, layout_loops_cross
D:2:      layout_rooms
D:3:      layout_basic, serial_shops, nicolae_shop_tiny_statue_garden,
          serial_glass, glass_columns_b, glass_columns_b,
          dreamdust_ecumenical_altar_drowned_temple, minmay_increasing_density
D:4:      layout_rooms, marbit_many_paths, minmay_temple_entry_slanted,
          serial_shops, nicolae_lakefront_shop, serial_co_window_serial,
          co_window_paths_b, co_window_of_opportunity_a, co_window_paths_a,
          co_window_paths_a, co_window_paths_b, co_window_paths_a,
          co_window_corner_a, co_window_corner_b, co_window_unsneaky_path_d,
          co_window_2corner, co_window_2corner, co_window_corner_b,
          co_window_corner_b, co_window_paths_d, co_window_paths_e,
          glass_columns_c, glass_columns_a, glass_columns_a, glass_columns_a,
          enter_ossuary_2
D:5:      layout_basic, kennysheep_mini
D:6:      layout_gridville
D:7:      layout_loops_ring, mainiacjoe_overflow_catch_the_wave,
          guppyfry_early_elven_hall
D:8:      layout_basic
D:9:      layout_cave_pools, orc_0_dummy, serial_shops, shop,
          serial_bayou_lake_a, uniq_maggie
Temple:   dpeg_five_rooms_temple

Skill      XL: |  1  2  3  4  5  6  7  8  9 |
---------------+----------------------------+-----
Ice Magic      | 5 6 7 |  7.7
Fighting       | 1 2 |  2.4
Ranged Weapons | 1 |  1.3
Spellcasting   | 3 4 5 6 |  6.6
Stealth        | 3 |  3.6
Shields        | 1 |  1.1
Maces & Flails | 1 2 3 |  3.5
Dodging        | 3 |  3.3
Summonings     | 1 |  1.9
Invocations    | 2 |  2.1
Evocations     | 2 |  2.5
Short Blades   | |  0.2

Action                     |  1- 3 |  4- 6 |  7- 9 || total
---------------------------+-------+-------+-------++-------
  Melee: Dagger            |    19 |    12 |       ||    31
         Mace              |       |    20 |    67 ||    87
         Punch             |       |     1 |     1 ||     2
   Fire: Sling             |       |    14 |       ||    14
   Cast: Freeze            |    50 |    54 |    61 ||   165
         Frozen Ramparts   |       |     3 |     1 ||     4
         Summon Ice Beast  |       |       |     3 ||     3
         Ozocubu's Armour  |       |       |     3 ||     3
 Invoke: Recall Undead Har |       |     1 |       ||     1
    Use: Potion            |       |     3 |     1 ||     4
   Stab: Sleeping          |     5 |     4 |     3 ||    12
 Armour: Robe              |    16 |    12 |    32 ||    60
  Dodge: Dodged            |    33 |    53 |    85 ||   171
  Block: Other             |       |       |    28 ||    28
